 Dungeon Crawl Stone Soup version 0.23-a0-612-gcb482e9 (webtiles) character file.

142 Borgoz the Skirmisher (level 5, -6/46 HPs)
             Began as a Ghoul Abyssal Knight on Dec 22, 2018.
             Was a Believer of Lugonu.
             Mangled by an orc
             ... wielding a +0 trident
              (9 damage)
             ... on level 3 of the Dungeon.
             The game lasted 00:04:13 (2009 turns).

Borgoz the Skirmisher (Ghoul Abyssal Knight)        Turns: 2009, Time: 00:04:14

Health: -6/46      AC:  4    Str: 16    XL:     5   Next: 25%
Magic:  6/6        EV: 12    Int:  7    God:    Lugonu [**....]
Gold:   83         SH:  0    Dex:  9    Spells: 4/4 levels left

rFire    . . .     SeeInvis +   a - +1 hand axe
rCold    + . .     Gourm    .   (no shield)
rNeg     + + +     Faith    .   b - +0 leather armour
rPois    ∞         Spirit   .   l - +0 helmet
rElec    .         Reflect  .   (no cloak)
rCorr    .         Harm     .   (no gloves)
MR       .....                  (no boots)
Stlth    +.........             (no amulet)
HPRegen  0.00/turn              o - ring of see invisible
MPRegen  0.10/turn              (no ring)

@: rotting
A: rotting body, claws 1, carnivore, cold resistance 1, negative energy
resistance 3, inhibited regeneration, torment resistance, unbreathing
a: Depart the Abyss, Bend Space, Renounce Religion


You were on level 3 of the Dungeon.
You worshipped Lugonu.
Lugonu was pleased with you.
You were not hungry.

You visited 1 branch of the dungeon, and saw 3 of its levels.
You visited the Abyss 1 time.

You collected 83 gold pieces.

Inventory:

Hand Weapons
 a - a +1 hand axe (weapon)
Armour
 b - a +0 leather armour (worn)
 l - a +0 helmet (worn)
Jewellery
 o - a ring of see invisible (left claw)
Scrolls
 d - 3 scrolls of identify {unknown}
 e - 3 scrolls of remove curse {unknown}
 f - a scroll of fog {unknown}
 i - a scroll of immolation {unknown}
 k - 2 scrolls of teleportation {unknown}
 m - a scroll of noise {unknown}
 n - 4 scrolls of amnesia {unknown}
Potions
 g - 2 potions of flight
 j - 2 potions of haste
Comestibles
 c - 3 rations
 h - 6 chunks of flesh


   Skills:
 + Level 3.9 Fighting
 * Level 3.2 Axes
 + Level 2.4 Armour
 + Level 1.9 Dodging
 + Level 2.8 Invocations


You had 4 spell levels left.
You didn't know any spells.
Your spell library was empty.

Dungeon Overview and Level Annotations

Branches:
Dungeon (3/15)

Altars:
Ashenzari
Kikubaaqudgha
Qazlal
Ru
Trog
The Shining One


Innate Abilities, Weirdness & Mutations

Your body is rotting away.
You thrive on raw meat.
You are immune to poison.
You have sharp fingernails.
You are carnivorous and can eat meat at any time.
Your flesh is cold resistant. (rC+)
You are immune to negative energy. (rN+++)
You do not regenerate when monsters are visible.
You are immune to unholy pain and torment.
You can survive without breathing.


Message History

You hit the worm.
The worm is almost dead.
The orc barely misses you. The worm completely misses you.
You slash the worm!
You kill the worm!
Lugonu accepts your kill. The orc misses you.
The orc hits you with a +0 trident.
* * * LOW HITPOINT WARNING * * *
You see here a worm corpse.
You hit the orc.
The orc is moderately wounded.
The orc misses you.
You closely miss the orc.
The orc is moderately wounded.
The orc completely misses you.
You closely miss the orc.
The orc is moderately wounded.
The orc hits you with a +0 trident!
You die...

#.# ##...♣♣P# #
...###P.P.♣♣P#.#
#.....P♣♣.PP..#
#..P..♣♣.♣...##
#....♣.♣♣..### #
#...P.....## ... ##
#.###.#...#
##...#)######.....#
......oo@[$.?.....#
.....##########...#
### ....# ##.#.#
#.#.# #.#.# .#


You could see 2 orcs.

Vanquished Creatures
  3 gnolls (D:2)
  2 adders (D:2)
  4 oozes
  2 worms
  4 dart slugs (D:1)
  A leopard gecko (D:2)
  8 orcs (D:3)
  3 giant cockroaches
  5 goblins
  5 hobgoblins
  6 bats
  6 frilled lizards
  7 kobolds
  6 rats
62 creatures vanquished.

Notes
Turn   | Place    | Note
-------+----------+-------------------------------------------
     0 | Abyss:1  | Borgoz the Ghoul Abyssal Knight began the quest for the
                  | Orb.
     0 | Abyss:1  | Reached XP level 1. HP: 19/19 MP: 1/1
    70 | Abyss:1  | Noticed a sixfirhy
    71 | D:1      | Escaped the Abyss
   100 | D:1      | Reached skill level 1 in Dodging
   102 | D:1      | Reached XP level 2. HP: 23/26 MP: 2/2
   152 | D:1      | Reached * piety under Lugonu
   328 | D:1      | Reached XP level 3. HP: 30/31 MP: 3/3
   589 | D:1      | Found a glowing golden altar of the Shining One.
   748 | D:2      | Found a shattered altar of Ashenzari.
   758 | D:2      | Found an ancient bone altar of Kikubaaqudgha.
   760 | D:2      | Found a sacrificial altar of Ru.
   822 | D:2      | Reached XP level 4. HP: 22/39 MP: 4/4
   985 | D:2      | Found a stormy altar of Qazlal.
   986 | D:2      | Found a bloodstained altar of Trog.
  1799 | D:3      | Reached XP level 5. HP: 45/46 MP: 6/6
  1946 | D:3      | Reached ** piety under Lugonu
  2009 | D:3      | Mangled by an orc

Vault maps used:
D:1:      grunt_arrival_lava_bath, tso_metal_star
D:2:      grunt_temple_overflow_open, gammafunk_temple_overflow_pools,
          minmay_fountain_box
D:3:      gammafunk_steamed_eel, nicolae_overflow_crystal_walls, serial_forest,
          infiniplex_forest_straight_4, infiniplex_forest_clump_curved,
          infiniplex_forest_zigzag_1, infiniplex_forest_end_2,
          infiniplex_forest_clump_C, infiniplex_forest_clump_tiny,
          infiniplex_forest_3_way, infiniplex_forest_pool

Skill      XL: |  1  2  3  4 |
---------------+-------------+-----
Dodging        | 1 |  1.9
Axes           | 2 3 |  3.2
Armour         | 2 |  2.4
Fighting       | |  3.9
Invocations    | |  2.8

Action                   |  1- 3 |  4- 6 || total
-------------------------+-------+-------++-------
Melee: Hand axe          |    90 |   108 ||   198
Invok: Depart the Abyss  |     1 |       ||     1
  Use: Potion            |     1 |     2 ||     3
  Eat: Chunk             |     6 |     9 ||    15
Armor: Leather armour    |    36 |    25 ||    61
Dodge: Dodged            |    76 |    67 ||   143

Table legend:
 A = Non-vault XP
 B = Vault XP
 C = Vault XP percentage of total XP
 D = Non-vault monster count
 E = Vault monster count
 F = Vault count percentage of total count
                 A         B        C        D         E       F
            +---------+---------+-------+---------+---------+-------
      Total |     204 |       0 |   0.0 |      62 |       0 |   0.0
            +---------+---------+-------+---------+---------+-------
        D:1 |      51 |       0 |   0.0 |      25 |       0 |   0.0
        D:2 |     103 |       0 |   0.0 |      22 |       0 |   0.0
        D:3 |      50 |       0 |   0.0 |      15 |       0 |   0.0
            +---------+---------+-------+---------+---------+-------
